| TOP OF THE 1ST |
|
Jacksonville Suns batting - Pitching for San Antonio Missions : RHP Tim Martin
|
|
Pitching: RHP Tim Martin
|
|
|
Batting: LHB Jose Cabello
|
0-0: SOLO HOME RUN (Flyball, 89XD, EV 107.5 MPH), Distance : 408 ft
|
|
Batting: RHB Rick Fell
|
0-0: Foul Ball, location: 2F 0-1: Foul Ball, location: 2F 0-2: Ball 1-2: Foul Ball, location: 2F 1-2: Strikes out swinging
|
|
Batting: LHB Jimmy Hannon
|
0-0: Called Strike 0-1: Foul Ball, location: 2F 0-2: Strikes out swinging
|
|
Batting: RHB German Mendoza
|
0-0: Ball 1-0: Foul Ball, location: 2F 1-1: Ball 2-1: Called Strike 2-2: Ball 3-2: Base on Balls
|
|
Batting: LHB Emilio Cordero
|
0-0: Called Strike 0-1: Swinging Strike 0-2: Ball 1-2: Strikes out swinging
|
| Top of the 1st over - 1 run, 1 hit, 0 errors, 1 left on base; Jacksonville 1 - San Antonio 0 |
| BOTTOM OF THE 1ST |
|
San Antonio Missions batting - Pitching for Jacksonville Suns : LHP Jeff Tavella
|
|
Pitching: LHP Jeff Tavella
|
|
|
Batting: SHB Ryohei Nakano
|
0-0: Swinging Strike 0-1: Ground out 4-3 (Groundball, 4, EV 86.2 MPH)
|
|
Batting: LHB Ben Antal
|
0-0: Ball 1-0: Fly out, F8 (Flyball, 8RM, EV 71.9 MPH)
|
|
Batting: RHB Kyle Davis
|
0-0: Ball 1-0: Ball 2-0: Swinging Strike 2-1: Called Strike 2-2: Ball 3-2: Foul Ball, location: 2F 3-2: Foul Ball, location: 2F 3-2: Fly out, F7 (Flyball, 7S, EV 93.1 MPH)
|
| Bottom of the 1st over - 0 runs, 0 hits, 0 errors, 0 left on base; Jacksonville 1 - San Antonio 0 |
| TOP OF THE 2ND |
|
Jacksonville Suns batting - Pitching for San Antonio Missions : RHP Tim Martin
|
|
Batting: SHB Yoo-chul Jung
|
0-0: Foul Ball, location: 2F 0-1: Called Strike 0-2: Strikes out swinging
|
|
Batting: RHB Marco Sianez
|
0-0: Called Strike 0-1: Ball 1-1: Ball 2-1: Foul Ball, location: 2F 2-2: Foul Ball, location: 2F 2-2: Fly out, F8 (Flyball, 78S, EV 88.1 MPH)
|
|
Batting: RHB Pi-ao Xú
|
0-0: Ball 1-0: Foul Ball, location: 2F 1-1: Ball 2-1: Fly out, F7 (Line Drive, 7, EV 86.2 MPH)
|
| Top of the 2nd over - 0 runs, 0 hits, 0 errors, 0 left on base; Jacksonville 1 - San Antonio 0 |
| BOTTOM OF THE 2ND |
|
San Antonio Missions batting - Pitching for Jacksonville Suns : LHP Jeff Tavella
|
|
Batting: LHB Conrad Taylor
|
0-0: Called Strike 0-1: Ball 1-1: Called Strike 1-2: Foul Ball, location: 2F 1-2: Ball 2-2: Foul Ball, location: 2F 2-2: Ball 3-2: Foul Ball, location: 2F 3-2: Fly out, F9 (Flyball, 9, EV 87.5 MPH)
|
|
Batting: RHB Scott Schwartz
|
0-0: Ground out 5-3 (Groundball, 56, EV 106.2 MPH)
|
|
Batting: RHB Min-chin Yi
|
0-0: Ball 1-0: Called Strike 1-1: Foul Ball, location: 2F 1-2: Ball 2-2: Strikes out swinging
|
| Bottom of the 2nd over - 0 runs, 0 hits, 0 errors, 0 left on base; Jacksonville 1 - San Antonio 0 |
| TOP OF THE 3RD |
|
Jacksonville Suns batting - Pitching for San Antonio Missions : RHP Tim Martin
|
|
Batting: RHB Wilson Valdez
|
0-0: Called Strike 0-1: Reached on error, E5 (Groundball, 56, EV 101.2 MPH)
|
|
Batting: LHB Jose Cabello
|
0-0: Foul Ball, location: 2F 0-1: Foul Ball, location: 2F 0-2: Ball 1-2: Ground out 3-1 (Groundball, 34, EV 98.8 MPH) Wilson Valdez to third
|
|
Batting: RHB Rick Fell
|
0-0: Foul Ball, location: 2F 0-1: Ball 1-1: Foul Ball, location: 2F 1-2: Ball 2-2: Ground out U3 (Groundball, 34, EV 104.4 MPH) Wilson Valdez scores
|
|
Batting: LHB Jimmy Hannon
|
0-0: Ball 1-0: Called Strike 1-1: Swinging Strike 1-2: Strikes out looking
|
| Top of the 3rd over - 1 run, 0 hits, 1 error, 0 left on base; Jacksonville 2 - San Antonio 0 |
| BOTTOM OF THE 3RD |
|
San Antonio Missions batting - Pitching for Jacksonville Suns : LHP Jeff Tavella
|
|
Batting: LHB Javy Portela
|
0-0: Ground out 4-3 (Groundball, 4, EV 82.5 MPH)
|
|
Batting: LHB Josh Slusarczyk
|
0-0: Swinging Strike 0-1: Foul Ball, location: 2F 0-2: Ball 1-2: Foul Ball, location: 2F 1-2: Foul Ball, location: 2F 1-2: Fly out, F9 (Flyball, 9LM, EV 86.2 MPH)
|
|
Batting: SHB Curtis Thompson
|
0-0: Ball 1-0: Ball 2-0: Called Strike 2-1: Called Strike 2-2: SINGLE (Line Drive, 7LS, EV 107.5 MPH)
|
|
Pitching: LHP Will Devitt
|
|
|
Batting: SHB Ryohei Nakano
|
0-0: Called Strike 0-1: Called Strike 0-2: Ball 1-2: Strikes out swinging
|
| Bottom of the 3rd over - 0 runs, 1 hit, 0 errors, 1 left on base; Jacksonville 2 - San Antonio 0 |
| TOP OF THE 4TH |
|
Jacksonville Suns batting - Pitching for San Antonio Missions : RHP Tim Martin
|
|
Batting: RHB German Mendoza
|
0-0: Ground out 5-3 (Groundball, 5S, EV 85.0 MPH)
|
|
Batting: LHB Emilio Cordero
|
0-0: Called Strike 0-1: Swinging Strike 0-2: Strikes out swinging
|
|
Batting: SHB Yoo-chul Jung
|
0-0: Swinging Strike 0-1: Swinging Strike 0-2: Foul Ball, location: 2F 0-2: Strikes out looking
|
| Top of the 4th over - 0 runs, 0 hits, 0 errors, 0 left on base; Jacksonville 2 - San Antonio 0 |
| BOTTOM OF THE 4TH |
|
San Antonio Missions batting - Pitching for Jacksonville Suns : LHP Will Devitt
|
|
Batting: LHB Ben Antal
|
0-0: Ball 1-0: Called Strike 1-1: Ball 2-1: Ground out 6-3 (Groundball, 4, EV 98.8 MPH)
|
|
Batting: RHB Kyle Davis
|
0-0: Ball 1-0: Swinging Strike 1-1: SOLO HOME RUN (Flyball, 9D, EV 105.0 MPH), Distance : 386 ft
|
|
Batting: LHB Conrad Taylor
|
0-0: DOUBLE (Line Drive, 7LM, EV 113.1 MPH)
|
|
Batting: RHB Scott Schwartz
|
0-0: Swinging Strike 0-1: Ball 1-1: SINGLE (Line Drive, 89S, EV 108.8 MPH) Conrad Taylor to third Runner from 3rd tries for Home, SAFE, throw by RF to home Scott Schwartz to second
|
|
Batting: RHB Min-chin Yi
|
0-0: Ball 1-0: Ball 2-0: Ball 3-0: Called Strike 3-1: Base on Balls
|
|
Pitching: RHP Stefan Snel
|
|
|
Batting: LHB Javy Portela
|
0-0: Ball 1-0: Ball 2-0: Fielders Choice at 2nd, 3-6 (Groundball, 3S, EV 88.8 MPH) Scott Schwartz to third
|
|
Batting: LHB Josh Slusarczyk
|
0-0: Ball 1-0: Called Strike 1-1: Swinging Strike 1-2: Ground out 4-3 (Groundball, 34, EV 102.5 MPH)
|
| Bottom of the 4th over - 2 runs, 3 hits, 0 errors, 2 left on base; Jacksonville 2 - San Antonio 2 |
| TOP OF THE 5TH |
|
Jacksonville Suns batting - Pitching for San Antonio Missions : RHP Tim Martin
|
|
Batting: RHB Marco Sianez
|
0-0: Swinging Strike 0-1: Foul Ball, location: 2F 0-2: Strikes out looking
|
|
Batting: RHB Pi-ao Xú
|
0-0: Ball 1-0: Ball 2-0: Swinging Strike 2-1: Swinging Strike 2-2: Strikes out swinging
|
|
Batting: RHB Wilson Valdez
|
0-0: Ball 1-0: Swinging Strike 1-1: Ground out U3 (Groundball, 3S, EV 70.0 MPH)
|
| Top of the 5th over - 0 runs, 0 hits, 0 errors, 0 left on base; Jacksonville 2 - San Antonio 2 |
| BOTTOM OF THE 5TH |
|
San Antonio Missions batting - Pitching for Jacksonville Suns : RHP Stefan Snel
|
|
Batting: SHB Curtis Thompson
|
0-0: Ball 1-0: Called Strike 1-1: Ball 2-1: Called Strike 2-2: Foul Ball, location: 2F 2-2: TRIPLE (Flyball, 89XD, EV 107.5 MPH)
|
|
Batting: SHB Ryohei Nakano
|
0-0: Foul Ball, location: 2F 0-1: Ground out 4-3 (Groundball, 34S, EV 88.1 MPH)
|
|
Batting: LHB Ben Antal
|
0-0: Intentional Walk
|
|
Batting: RHB Kyle Davis
|
0-0: Ball 1-0: SINGLE (Groundball, 6MD, EV 96.9 MPH) Curtis Thompson scores Ben Antal to second
|
|
Batting: LHB Conrad Taylor
|
0-0: Ball 1-0: Ball 2-0: Ball 3-0: Base on Balls Ben Antal to third Kyle Davis to second
|
|
Pitching: RHP Pedro Taveras
|
|
|
Batting: RHB Scott Schwartz
|
0-0: Ball 1-0: Ball 2-0: Called Strike 2-1: Foul Ball, location: 2F 2-2: DOUBLE (Line Drive, 9LD, EV 106.9 MPH) Ben Antal scores Kyle Davis scores Conrad Taylor to third
|
|
Batting: RHB Min-chin Yi
|
0-0: Called Strike 0-1: Fly out, F7 (Line Drive, 7, EV 89.4 MPH)
|
|
Batting: LHB Javy Portela
|
0-0: Intentional Walk
|
|
Batting: LHB Josh Slusarczyk
|
0-0: Ball 1-0: Ball 2-0: Ball 3-0: Base on Balls Conrad Taylor scores Scott Schwartz to third Javy Portela to second
|
|
Batting: SHB Curtis Thompson
|
0-0: Ball 1-0: DOUBLE (Line Drive, 89XD, EV 112.5 MPH) Scott Schwartz scores Javy Portela scores Josh Slusarczyk to third Runner from 3rd tries for Home, SAFE, no throw by RF
|
|
Batting: SHB Ryohei Nakano
|
0-0: Called Strike 0-1: Called Strike 0-2: Foul Ball, location: 2F 0-2: Ball 1-2: DOUBLE (Line Drive, 8RXD, EV 111.9 MPH) Curtis Thompson scores
|
|
Pitching: RHP Tim Poist
|
|
|
Batting: LHB Ben Antal
|
0-0: Called Strike 0-1: Ball 1-1: Fly out, F7 (Flyball, 78XD, EV 99.4 MPH)
|
| Bottom of the 5th over - 8 runs, 5 hits, 0 errors, 1 left on base; Jacksonville 2 - San Antonio 10 |
| TOP OF THE 6TH |
|
Jacksonville Suns batting - Pitching for San Antonio Missions : RHP Tim Martin
|
|
Batting: LHB Jose Cabello
|
0-0: Ground out U3 (Groundball, 34, EV 80.6 MPH)
|
|
Batting: RHB Rick Fell
|
0-0: Ball 1-0: Called Strike 1-1: Called Strike 1-2: Foul Ball, location: 2F 1-2: Strikes out swinging
|
|
Batting: LHB Jimmy Hannon
|
0-0: Foul Ball, location: 2F 0-1: SOLO HOME RUN (Flyball, 9D, EV 98.8 MPH), Distance : 375 ft
|
|
Batting: RHB German Mendoza
|
0-0: Foul Ball, location: 2F 0-1: Ball 1-1: Ball 2-1: Swinging Strike 2-2: Strikes out swinging
|
| Top of the 6th over - 1 run, 1 hit, 0 errors, 0 left on base; Jacksonville 3 - San Antonio 10 |
| BOTTOM OF THE 6TH |
|
San Antonio Missions batting - Pitching for Jacksonville Suns : RHP Tim Poist
|
|
Batting: RHB Kyle Davis
|
0-0: Ball 1-0: Ball 2-0: Called Strike 2-1: Foul Ball, location: 2F 2-2: Ball 3-2: Fly out, F7 (Flyball, 7LM, EV 82.5 MPH)
|
|
Batting: LHB Conrad Taylor
|
0-0: Foul Ball, location: 2F 0-1: Foul Ball, location: 2F 0-2: Fly out, F8 (Flyball, 8LXD, EV 75.0 MPH)
|
|
Batting: RHB Scott Schwartz
|
0-0: Swinging Strike 0-1: DOUBLE (Flyball, 89XD, EV 97.5 MPH)
|
|
Batting: RHB Min-chin Yi
|
0-0: Ball 1-0: Ball 2-0: Ball 3-0: Base on Balls
|
|
Batting: LHB Javy Portela
|
0-0: Ball 1-0: Ground out U3 (Groundball, 3L, EV 82.5 MPH)
|
| Bottom of the 6th over - 0 runs, 1 hit, 0 errors, 2 left on base; Jacksonville 3 - San Antonio 10 |
| TOP OF THE 7TH |
|
Jacksonville Suns batting - Pitching for San Antonio Missions : RHP Tim Martin
|
|
Batting: LHB Emilio Cordero
|
0-0: Called Strike 0-1: Ball 1-1: Foul Ball, location: 2F 1-2: Strikes out swinging
|
|
Batting: SHB Yoo-chul Jung
|
0-0: Ball 1-0: Ball 2-0: Called Strike 2-1: SOLO HOME RUN (Flyball, 7LD, EV 93.1 MPH), Distance : 343 ft
|
|
Batting: RHB Marco Sianez
|
0-0: Ground out 6-3 (Groundball, 6, EV 101.2 MPH)
|
|
Batting: RHB Pi-ao Xú
|
0-0: Fly out, F7 (Flyball, 78S, EV 98.8 MPH)
|
| Top of the 7th over - 1 run, 1 hit, 0 errors, 0 left on base; Jacksonville 4 - San Antonio 10 |
| BOTTOM OF THE 7TH |
|
San Antonio Missions batting - Pitching for Jacksonville Suns : RHP Tim Poist
|
|
Batting: LHB Josh Slusarczyk
|
0-0: Called Strike 0-1: Foul Ball, location: 2F 0-2: Foul Ball, location: 2F 0-2: SOLO HOME RUN (Line Drive, 9D, EV 97.5 MPH), Distance : 391 ft
|
|
Batting: SHB Curtis Thompson
|
0-0: Called Strike 0-1: Ball 1-1: Foul Ball, location: 2F 1-2: Foul Ball, location: 2F 1-2: DOUBLE (Flyball, 8LXD, EV 91.9 MPH)
|
|
Batting: SHB Ryohei Nakano
|
0-0: Ball 1-0: Ball 2-0: Ball 3-0: Called Strike 3-1: Base on Balls
|
|
Batting: LHB Ben Antal
|
0-0: Foul Ball, location: 2F 0-1: SINGLE (Line Drive, 56, EV 98.8 MPH) Curtis Thompson to third Ryohei Nakano to second Runner from 3rd tries for Home, SAFE, throw by LF to home
|
|
Batting: RHB Kyle Davis
|
0-0: 3-RUN HOME RUN (Flyball, 7D, EV 93.8 MPH), Distance : 362 ft
|
|
Pitching: RHP Manny Gonzalez
|
|
|
Batting: LHB Conrad Taylor
|
0-0: Ball 1-0: Foul Ball, location: 2F 1-1: Ball 2-1: Ball 3-1: Base on Balls
|
|
Batting: RHB Scott Schwartz
|
0-0: Swinging Strike 0-1: Fielders Choice at 2nd, 5-4 (Groundball, 5, EV 78.8 MPH)
|
|
Batting: RHB Min-chin Yi
|
0-0: Ball 1-0: 2-RUN HOME RUN (Flyball, 78XD, EV 97.5 MPH), Distance : 395 ft
|
|
Batting: LHB Javy Portela
|
0-0: Ball 1-0: Fly out, F7 (Flyball, 7, EV 86.9 MPH)
|
|
Batting: LHB Josh Slusarczyk
|
0-0: Ball 1-0: Ball 2-0: Ball 3-0: Called Strike 3-1: Swinging Strike 3-2: Fly out, F7 (Flyball, 7, EV 88.8 MPH)
|
| Bottom of the 7th over - 7 runs, 5 hits, 0 errors, 0 left on base; Jacksonville 4 - San Antonio 17 |
| TOP OF THE 8TH |
|
Jacksonville Suns batting - Pitching for San Antonio Missions : RHP Tim Martin
|
|
Batting: RHB Wilson Valdez
|
0-0: Swinging Strike 0-1: Called Strike 0-2: Ground out 5-3 (Groundball, 5L, EV 101.2 MPH)
|
|
Batting: LHB Jose Cabello
|
0-0: SINGLE (Groundball, 34D, EV 100.6 MPH)
|
|
Pitching: RHP David Deon
|
|
|
Batting: RHB Rick Fell
|
0-0: Ball 1-0: Ball 2-0: Fly out, F8 (Flyball, 8LXD, EV 106.9 MPH)
|
|
Batting: LHB Jimmy Hannon
|
0-0: Foul Ball, location: 2F 0-1: Ball 1-1: Swinging Strike 1-2: Strikes out swinging
|
| Top of the 8th over - 0 runs, 1 hit, 0 errors, 1 left on base; Jacksonville 4 - San Antonio 17 |
| BOTTOM OF THE 8TH |
|
San Antonio Missions batting - Pitching for Jacksonville Suns : RHP Manny Gonzalez
|
|
Batting: SHB Curtis Thompson
|
0-0: Ball 1-0: Called Strike 1-1: Ball 2-1: Ball 3-1: Base on Balls
|
|
Batting: SHB Ryohei Nakano
|
0-0: Fly out, F8 (Flyball, 8RD, EV 93.8 MPH)
|
|
Batting: LHB Ben Antal
|
0-0: Called Strike 0-1: Foul Ball, location: 2F 0-2: SINGLE (Groundball, 3D, EV 102.5 MPH) Curtis Thompson to second
|
|
Batting: RHB Kyle Davis
|
0-0: Ball 1-0: Ball 2-0: Foul Ball, location: 2F 2-1: Ball 3-1: Foul Ball, location: 2F 3-2: Foul Ball, location: 2F 3-2: Base on Balls Curtis Thompson to third Ben Antal to second
|
|
Batting: LHB Conrad Taylor
|
0-0: Ball 1-0: Foul Ball, location: 2F 1-1: Foul Ball, location: 2F 1-2: Ball 2-2: Ball 3-2: Foul Ball, location: 2F 3-2: Foul Ball, location: 2F 3-2: DOUBLE (Flyball, 89D, EV 107.5 MPH) Curtis Thompson scores Ben Antal scores Kyle Davis to third
|
|
Pitching: LHP Willie Sanchez
|
|
|
Batting: RHB Scott Schwartz
|
0-0: Swinging Strike 0-1: Fly out, F3 (Popup, 34, EV 63.8 MPH)
|
|
Batting: RHB Min-chin Yi
|
0-0: Called Strike 0-1: Swinging Strike 0-2: Ball 1-2: Foul Ball, location: 2F 1-2: Foul Ball, location: 2F 1-2: Ball Wild Pitch! Kyle Davis scores Conrad Taylor to third 2-2: DOUBLE (Line Drive, 7LM, EV 103.1 MPH) Conrad Taylor scores
|
|
Batting: LHB Javy Portela
|
0-0: Ground out 3-1 (Groundball, 34, EV 86.9 MPH)
|
| Bottom of the 8th over - 4 runs, 3 hits, 0 errors, 1 left on base; Jacksonville 4 - San Antonio 21 |
| TOP OF THE 9TH |
|
Jacksonville Suns batting - Pitching for San Antonio Missions : RHP David Deon
|
|
Batting: RHB German Mendoza
|
0-0: Ball 1-0: Fly out, F8 (Flyball, 8LM, EV 88.1 MPH)
|
|
Batting: LHB Emilio Cordero
|
0-0: Called Strike 0-1: Ground out U3 (Groundball, 34S, EV 79.4 MPH)
|
|
Batting: SHB Yoo-chul Jung
|
0-0: Ball 1-0: SINGLE (Line Drive, 56D, EV 95.0 MPH)
|
|
Batting: RHB Marco Sianez
|
0-0: Fielders Choice at 2nd, 6-4 (Groundball, 6, EV 80.0 MPH)
|
| Top of the 9th over - 0 runs, 1 hit, 0 errors, 1 left on base; Jacksonville 4 - San Antonio 21 |
|